 Dungeon Crawl Stone Soup version 0.19.5 (webtiles) character file.

225938 Inarius the Peltast (level 18, 0/163 HPs)
             Began as a Minotaur Fighter on Apr 12, 2017.
             Was a High Priest of Qazlal.
             Slain by a deep elf knight
             ... wielding a +0 short sword
              (12 damage)
             ... on level 2 of the Elven Halls on Apr 17, 2017.
             The game lasted 04:25:02 (35880 turns).

Inarius the Peltast (Minotaur Fighter)             Turns: 35880, Time: 04:25:03

Health: 0/163      AC: 42    Str: 24      XL:     18   Next: 63%
Magic:  20/26      EV:  8    Int:  3 (5)  God:    Qazlal [*****.]
Gold:   505        SH: 25    Dex: 15      Spells: 1 memorised, 17 levels left

rFire  + + +     SeeInvis .     M - +6 rapier of Lafeef Ozai {drain, rF++ Stlth+}
rCold  + + .     Gourm    .     w - +9 armour of the Dragon King {rPois rF+ rC+ MR+}
rNeg   . . .     Faith    .     q - +2 shield of Resistance {rF+ rC+ MR+}
rPois  +         Spirit   .     (helmet restricted)
rElec  .         Reflect  .     i - +2 cloak
rCorr  .         Harm     .     l - +2 pair of gloves
MR     +++..     Rnd*Tele +     (no boots)
Stlth  ..........               v - amulet of regeneration
                                G - +4 ring of protection
                                g - +6 ring of slaying

@: protected from physical damage, repel missiles, heavily drained
A: retaliatory headbutt, claws 1, horns 2, agile 1, deterioration 2, dopey 1,
shaggy fur 1, teleportitis 1
a: Upheaval, Elemental Force, Disaster Area, Renounce Religion
}: 1/15 runes: gossamer


You were on level 2 of the Elven Halls.
You worshipped Qazlal.
Qazlal was extremely pleased with you.
You were not hungry.

You visited 5 branches of the dungeon, and saw 29 of its levels.
You visited the Abyss 1 time.
You also visited: Ice Cave.

You collected 3589 gold pieces.
You spent 3084 gold pieces at shops.

Inventory:

Hand Weapons
 M - the +6 rapier of Lafeef Ozai (weapon) {drain, rF++ Stlth+}
   (You took it off a kobold on level 10 of the Dungeon)

   A truly terrible weapon, it drains the life of those it strikes.
   It greatly protects you from fire.
   It makes you more stealthy.
Missiles
 e - 3 tomahawks of returning
 z - 19 tomahawks (quivered)
 F - 2 poisoned tomahawks
Armour
 i - a +2 cloak (worn)
 l - a +2 pair of gloves (worn)
 q - the +2 shield of Resistance (worn) {rF+ rC+ MR+}
   (You found it on level 9 of the Dungeon)

   It protects you from fire.
   It protects you from cold.
   It affects your resistance to hostile enchantments.
 w - the +9 armour of the Dragon King (worn) {rPois rF+ rC+ MR+}
   (You bought it in a shop on level 2 of the Orcish Mines)

   It protects you from fire.
   It protects you from cold.
   It protects you from poison.
   It affects your resistance to hostile enchantments.
 S - the +8 plate armour of Grace {Regen+}
   (You found it on level 3 of the Lair of Beasts)

   It increases your rate of regeneration.
Jewellery
 a - the ring "Lijuen" {Ice rPois}
   (You bought it in a shop on level 2 of the Elven Halls)

   [ring of ice]

   It enhances your ice magic.
   It makes you vulnerable to fire.
   It protects you from cold.
   It protects you from poison.
 g - a +6 ring of slaying (left hand)
 n - an uncursed ring of resist corrosion
 v - an amulet of regeneration (around neck)
 G - a +4 ring of protection (right hand)
Scrolls
 h - 4 scrolls of magic mapping
 k - 8 scrolls of enchant weapon
 o - 12 scrolls of teleportation
 y - 3 scrolls of torment {unknown}
 A - 3 scrolls of immolation
 B - 4 scrolls of vulnerability {unknown}
 E - a scroll of holy word {unknown}
 J - a scroll of silence {unknown}
 K - 4 scrolls of fog {unknown}
 N - 2 scrolls of acquirement {unknown}
 Q - 2 scrolls of fear {unknown}
 T - 2 scrolls of summoning {unknown}
 V - 6 scrolls of remove curse
 W - 6 scrolls of recharging
Potions
 b - a potion of resistance
 c - 3 potions of berserk rage {unknown}
 j - 2 potions of cancellation
 m - 5 potions of flight
 r - 4 potions of ambrosia
 s - 4 potions of agility
 u - a potion of mutation {unknown}
 x - 2 potions of curing
 C - 2 potions of lignification {unknown}
 I - 2 potions of magic {unknown}
 L - 4 potions of invisibility
 X - 2 potions of might
Miscellaneous
 R - a box of beasts
 Y - a lamp of fire
Comestibles
 f - 17 bread rations
 p - 8 beef jerkies
 t - 10 meat rations
 D - 2 chunks of flesh


   Skills:
 * Level 15.3(13.2) Fighting
 + Level 14.5(14.0) Short Blades
   Level 13.6(14.3) Long Blades
 + Level 6.3(4.6) Throwing
 + Level 13.2(11.2) Armour
 * Level 8.2(6.5) Dodging
 + Level 1.9(0.4) Stealth
 + Level 20.9(18.5) Shields
 + Level 1.2(0.0) Spellcasting
 - Level 0.4(0.0) Charms
 - Level 1.0(0.0) Air Magic
 * Level 12.5(10.5) Invocations
 + Level 0.3(0.0) Evocations


You had 17 spell levels left.
You knew the following spells:

 Your Spells              Type           Power        Failure   Level  Hunger
a - Swiftness             Chrm/Air       #.......     100%        2    ###....


Dungeon Overview and Level Annotations

Branches:
Dungeon (14/15)            Temple (0/1) D:6            Lair (6/6) D:10
  Swamp (0/4) Lair:2       Spider (4/4) Lair:4        Slime (0/5) Lair:6
    Orc (2/2) D:12            Elf (3/3) Orc:2        Vaults (0/5) D:14

Altars:
Dithmenos
Hepliaklqana
Nemelex Xobeh
Qazlal
Ru
Sif Muna
Trog
Uskayaw
Xom
Yredelemnul
Zin
The Shining One
Beogh
Jiyva

Shops:
D:5 =   D:6 ([   D:11 (   Orc:2 :}*[   Elf:1 :   Elf:2 =

Annotations:
Lair:1 exclusion: 3 oklob plants


Innate Abilities, Weirdness & Mutations

You reflexively headbutt those who attack you in melee.
You have a pair of horns on your head.
You have sharp fingernails.
You are agile. (Dex +2)
Your body often deteriorates upon taking damage.
You are dopey. (Int -2)
You are covered in fur. (AC +1)
You are occasionally teleported next to monsters.


Message History

You puncture the water elemental!
The water elemental is moderately damaged.
Your air elemental hits the water elemental.
Something hits you but does no damage.
You impale the water elemental!! You headbutt the water elemental.
You destroy the water elemental!
Qazlal accepts your kill. You block something's attack.
You barely miss something.
Your air elemental hits something!
You miss something. Your headbutt misses something.
Your air elemental hits something.
Your fire elemental is engulfed in freezing vapours.
Your fire elemental closely misses something.
Something hits you but does no damage.
You miss something.
Your air elemental completely misses something.
Your fire elemental is engulfed in freezing vapours.
Your fire elemental barely misses something.
Something hits you!
You die...

#....................
##...................
##..................
##...##...........##
##...#####.......####
#...## ##.....##
#§§..#####.......####
#.EEEE##...........##
##§{@E...............
#...................
###.§§..............
##################


You could see 2 friendly earth elementals, 2 friendly fire elementals and a
friendly air elemental.

Vanquished Creatures
  Jorgrun (Elf:2)
  Gastronok (D:10)
  4 tentacled starspawn (Abyss:4)
  A frost giant (IceCv)
  3 deep elf sorcerers
  2 emperor scorpions (Spider:4)
  3 ghost moths
  3 deep elf demonologists
  A spark wasp (Spider:4)
  A dire elephant (Lair:6)
  A deep elf annihilator (Elf:3)
  Snorg (D:11)
  Josephine (D:13)
  The ghost of ozymandias0 the Cleaver, a journeyman MiFi (D:11)
  2 deep elf high priests (Elf:1)
  A naga warrior (Abyss:4)
  7 hydras
  A centaur warrior (D:13)
  Erica (Orc:1)
  31 dancing weapons
  8 death scarabs (Spider:4)
  4 orc high priests
  8 death yaks
  Sonja (D:13)
  2 wretched stars (Abyss:4)
  17 deep elf knights
  3 skeletal warriors (D:13)
  2 unseen horrors (D:10)
  6 hill giants
  3 spectral wolf spiders (Spider:4)
  13 deep elf archers
  A wolf spider zombie (Spider:4)
  Pikel (D:7)
  A lindwurm (Lair:6)
  12 ugly things
  5 orc knights
  8 orc sorcerers
  48 deep elf magi
  20 orb spiders
  24 wolf spiders
  3 cyclopes
  2 manticores
  A salamander (Abyss:4)
  A worldbinder (Abyss:4)
  A moth of wrath (Spider:4)
  Joseph (D:8)
  8 black mambas
  A guardian serpent (Abyss:4)
  8 elephants
  3 gargoyles
  3 torpor snails
  A black mamba (shapeshifter) (D:13)
  10 spiny frogs
  5 centaur skeletons
  An ice statue (IceCv)
  3 spectral redbacks (Spider:4)
  2 komodo dragons
  9 demonic crawlers
  3 rime drakes
  A freezing wraith (Abyss:4)
  3 redback zombies (Spider:4)
  A harpy zombie (D:8)
  A rime drake (shapeshifter) (Elf:1)
  An ancient zyme (Abyss:4)
  11 trolls
  A tengu conjurer (D:13)
  2 hellwings (D:8)
  2 two-headed ogres
  3 spectral jumping spiders (Spider:4)
  34 jumping spiders
  2 large abominations (Abyss:4)
  2 jumping spider zombies (Spider:4)
  5 dream sheep (Lair:6)
  4 slime creatures (D:10)
  20 polar bears
  12 hornets
  4 spectral tarantellas (Spider:4)
  3 blink frogs (Lair:5)
  A tarantella zombie (Spider:4)
  8 hippogriffs
  A raiju (Abyss:4)
  An air elemental (Elf:2)
  82 redbacks
  64 yaks
  A vampire (D:11)
  5 wraiths
  A yak (shapeshifter) (D:13)
  39 tarantellas
  5 water elementals
  Grum (D:11)
  6 wyverns
  3 fire elementals
  A neqoxec (Abyss:4)
  6 basilisks
  A hungry ghost (D:9)
  A steam dragon (D:10)
  4 vampire mosquitoes (D:13)
  A chaos spawn (Abyss:4)
  A warg (Orc:1)
  Duvessa (D:5)
  9 water moccasins
  10 porcupines
  34 orc warriors
  A slave (D:7)
  2 spectral hornets (Spider:4)
  4 black bears
  2 eyes of draining (D:13)
  An ice beast (D:12)
  6 sky beasts
  A hornet zombie (Spider:4)
  5 phantoms
  11 ogres
  5 boggarts (D:14)
  4 necrophages
  24 wolves
  16 centaurs
  10 crocodiles
  A big kobold (D:10)
  21 bullfrogs
  A gnoll sergeant (D:9)
  2 earth elementals (Elf:1)
  2 wyvern zombies
  A wyvern skeleton (D:14)
  Dowan (D:5)
  6 scorpions
  19 killer bees
  2 electric eels
  6 howler monkeys
  8 crimson imps
  6 centaur zombies
  8 starcursed masses (Abyss:4)
  2 jellies
  23 orc priests
  7 hounds
  5 bullfrog skeletons
  Ijyb (D:2)
  5 iguanas
  31 orc wizards
  14 worker ants
  A hound skeleton (D:4)
  A worker ant zombie (D:9)
  3 howler monkey zombies
  10 gnolls
  A howler monkey skeleton (D:5)
  15 adders
  13 shadow imps
  12 white imps (Lair:2)
  An adder zombie (D:9)
  An adder skeleton (D:5)
  5 worms
  2 dart slugs
  6 leopard geckos
  106 orcs
  5 ball pythons
  3 giant cockroaches
  10 goblins
  12 hobgoblins
  26 jackals
  18 kobolds
  5 quokkas
  3 bats
  A goblin zombie (D:8)
  8 rats
  A rat zombie (D:8)
  A butterfly (Lair:5)
  29 fungi
  12 plants
1294 creatures vanquished.

Vanquished Creatures (collateral kills)
  An entropy weaver (Spider:3)
  A deep elf knight (Elf:2)
  A wolf spider (Spider:3)
  A moth of wrath (Spider:4)
  A demonic crawler (Spider:4)
  A redback zombie (Spider:4)
  2 jumping spiders (Spider:4)
  6 redbacks
  A water elemental (Elf:2)
  2 tarantellas
17 creatures vanquished.

Vanquished Creatures (others)
  A dancing weapon (Elf:3)
  An orb spider (Spider:1)
  A spiny frog (Lair:6)
  A two-headed ogre (D:9)
  A yak (D:9)
  2 slaves (D:7)
  A hound (D:9)
  2 orc wizards
  3 gnolls (D:7)
  An orc (D:7)
  8 fungi
  12 plants
  8 starspawn tentacles (Abyss:4)
42 creatures vanquished.

Grand Total: 1353 creatures vanquished

Notes
Turn   | Place    | Note
-------+----------+-------------------------------------------
     0 | D:1      | Inarius the Minotaur Fighter began the quest for the Orb.
     0 | D:1      | Reached XP level 1. HP: 19/19 MP: 0/0
    33 | D:1      | Reached skill level 4 in Shields
   124 | D:1      | Reached XP level 2. HP: 27/27 MP: 1/1
   911 | D:2      | Reached XP level 3. HP: 24/33 MP: 2/2
   986 | D:2      | Noticed Ijyb
   996 | D:2      | Killed Ijyb
  1044 | D:2      | Reached XP level 4. HP: 37/40 MP: 3/3
  1513 | D:2      | Found a deep blue altar of Sif Muna.
  1817 | D:3      | Found a sparkling altar of Nemelex Xobeh.
  1870 | D:3      | Reached XP level 5. HP: 46/46 MP: 4/4
  2409 | D:3      | Found a hide-covered altar of Uskayaw.
  2409 | D:3      | Found a faded altar of an unknown god.
  2416 | D:3      | Found a faded altar of an unknown god.
  2425 | D:3      | Found a faded altar of an unknown god.
  2426 | D:3      | Found a faded altar of an unknown god.
  2551 | D:4      | Reached skill level 5 in Long Blades
  2551 | D:4      | Reached skill level 5 in Shields
  2725 | D:4      | Reached XP level 6. HP: 50/52 MP: 5/5
  2897 | D:4      | Reached skill level 5 in Armour
  3161 | D:4      | Found a stormy altar of Qazlal.
  3164 | D:4      | Became a worshipper of Qazlal Stormbringer
  3368 | D:4      | Gained mutation: You are surrounded by a mild repulsion field. (EV +2) [potion of beneficial mutation]
  3463 | D:4      | Found a sacrificial altar of Ru.
  3838 | D:4      | Reached XP level 7. HP: 52/60 MP: 6/6
  4012 | D:4      | Reached skill level 6 in Shields
  4304 | D:5      | Entered Level 5 of the Dungeon
  4462 | D:5      | Found Soexadee's Jewellery Shoppe.
  4564 | D:5      | Reached skill level 1 in Dodging
  4752 | D:5      | Noticed Duvessa
  4753 | D:5      | Noticed Dowan
  4784 | D:5      | Killed Dowan
  4784 | D:5      | Reached skill level 5 in Fighting
  4792 | D:5      | Killed Duvessa
  5012 | D:5      | Reached * piety under Qazlal
  5023 | D:5      | Reached XP level 8. HP: 53/69 MP: 7/7
  5569 | D:6      | Found Gubev's Antique Weapon Shoppe.
  5639 | D:6      | Found a staircase to the Ecumenical Temple.
  5639 | D:6      | Found Siti's Armour Boutique.
  5649 | D:6      | Reached skill level 7 in Shields
  5753 | D:6      | Learned a level 2 spell: Swiftness
  6594 | D:7      | Found a glowing silver altar of Zin.
  6599 | D:7      | Found a bloodstained altar of Trog.
  6660 | D:7      | Reached skill level 8 in Shields
  6679 | D:7      | Noticed Pikel
  6689 | D:7      | Reached ** piety under Qazlal
  6700 | D:7      | Killed Pikel
  6700 | D:7      | Reached skill level 10 in Long Blades
  6700 | D:7      | Reached skill level 1 in Throwing
  6700 | D:7      | Reached XP level 9. HP: 66/75 MP: 8/8
  6931 | D:7      | Found a sacrificial altar of Ru.
  7198 | D:7      | Found a glowing golden altar of the Shining One.
  7480 | D:8      | Reached skill level 9 in Shields
  7581 | D:8      | Gained mutation: You can translocate small distances at will. [mutagenic meat]
  7582 | D:8      | Gained mutation: You are occasionally teleported next to monsters. [mutagenic meat]
  7583 | D:8      | Lost mutation: You can translocate small distances at will. [mutagenic meat]
  7584 | D:8      | Noticed Joseph
  7584 | D:8      | Gained mutation: You have large cloven feet. [mutagenic meat]
  7585 | D:8      | Gained mutation: You expend magic power (3 MP) to strengthen your wands. [mutagenic meat]
  7595 | D:8      | Killed Joseph
  7605 | D:8      | Reached skill level 10 in Shields
  7605 | D:8      | Reached XP level 10. HP: 69/86 MP: 9/9
  7606 | D:8      | Reached *** piety under Qazlal
  8167 | D:8      | Reached skill level 11 in Shields
  8550 | D:8      | Found a shadowy altar of Dithmenos.
  8558 | D:8      | Found a basalt altar of Yredelemnul.
  9243 | D:5      | Bought a +4 ring of protection for 396 gold pieces
  9367 | D:9      | Reached **** piety under Qazlal
  9427 | D:9      | Found a shimmering altar of Xom.
  9443 | D:9      | Reached XP level 11. HP: 88/92 MP: 10/10
  9479 | D:9      | Gained mutation: Your mind is acute. (Int +2) [mutagenic meat]
  9480 | D:9      | Gained mutation: You evolve. [mutagenic meat]
  9482 | D:9      | Lost mutation: You have large cloven feet. [mutagenic meat]
  9484 | D:9      | Gained mutation: You have a pair of large horns on your head. [mutagenic meat]
  9632 | D:9      | Found a hazy altar of Hepliaklqana.
  9635 | D:9      | Reached skill level 12 in Shields
  9980 | D:9      | Gained mutation: You are agile. (Dex +2) [evolution]
 10147 | D:9      | Gained mutation: You are very agile. (Dex +4) [mutagenic meat]
 10221 | D:10     | Entered Level 10 of the Dungeon
 10316 | D:10     | Reached skill level 1 in Spellcasting
 10369 | D:10     | Killed an unseen horror
 10508 | D:10     | Noticed a hill giant
 10543 | D:10     | Killed a hill giant
 10545 | D:10     | Reached ***** piety under Qazlal
 10549 | D:10     | Reached skill level 1 in Air Magic
 10825 | D:10     | Found a staircase to the Lair.
 10868 | D:10     | Killed an unseen horror
 10868 | D:10     | Reached skill level 13 in Shields
 11371 | D:11     | Found Atowef's Antique Weapon Boutique.
 11482 | D:11     | Reached skill level 1 in Invocations
 11495 | D:11     | Noticed a hill giant
 11506 | D:11     | Noticed Grum
 11508 | D:11     | Noticed Gastronok
 11664 | D:11     | Killed a hill giant
 11690 | D:10     | Killed Gastronok
 11690 | D:10     | Reached XP level 12. HP: 59/103 MP: 2/12
 11695 | D:10     | Got a smoking rapier {drain}
 11701 | D:10     | Identified the +6 rapier of Lafeef Ozai {drain, rF++ Stlth+} (You took it off a kobold on level 10 of the Dungeon)
 11944 | D:11     | Reached skill level 1 in Short Blades
 11944 | D:11     | Reached skill level 14 in Shields
 12004 | D:11     | Noticed ozymandias0's ghost (journeyman MiFi)
 12122 | D:11     | Noticed Snorg
 12144 | D:11     | Killed Grum
 12146 | D:11     | Killed Snorg
 12801 | D:11     | Killed ozymandias0's ghost
 13435 | D:12     | Lost mutation: You have a pair of large horns on your head. [mutagenic meat]
 13456 | D:12     | Found a staircase to the Orcish Mines.
 13545 | D:13     | Reached skill level 5 in Short Blades
 13604 | D:13     | Noticed Sonja
 13607 | D:13     | Gained mutation: You are frail. (-10% HP) [evolution]
 13853 | D:13     | Killed Sonja
 13856 | D:13     | Paralysed by a centaur for 6 turns
 14115 | D:13     | Noticed Josephine
 14123 | D:13     | Reached skill level 15 in Shields
 14138 | D:13     | Killed Josephine
 14288 | D:13     | Reached XP level 13. HP: 95/99 MP: 15/15
 14485 | D:13     | Reached skill level 5 in Invocations
 15515 | D:13     | Lost mutation: Your mind is acute. (Int +2) [mutagenic meat]
 15548 | D:13     | Reached ****** piety under Qazlal
 15554 | D:13     | Reached skill level 1 in Stealth
 15566 | D:13     | Gained mutation: Your body sometimes deteriorates upon taking damage. [mutagenic meat]
 15837 | D:14     | Found a gate to the Vaults.
 16040 | D:14     | Reached skill level 10 in Armour
 16055 | D:14     | Lost mutation: You expend magic power (3 MP) to strengthen your wands. [mutagenic meat]
 16057 | D:14     | Gained mutation: Your system is resistant to poisons. (rPois) [mutagenic meat]
 16058 | D:14     | Gained mutation: You are covered in fur. (AC +1) [mutagenic meat]
 16060 | D:14     | Gained mutation: You have a pair of large horns on your head. [mutagenic meat]
 16061 | D:14     | Gained mutation: You are dopey. (Int -2) [mutagenic meat]
 16064 | D:14     | Lost mutation: You are surrounded by a mild repulsion field. (EV +2) [mutagenic meat]
 16443 | D:14     | Reached skill level 10 in Fighting
 16850 | Lair:1   | Entered Level 1 of the Lair of Beasts
 16900 | Lair:1   | Got a bone spear
 16958 | Lair:1   | Reached skill level 16 in Shields
 17152 | Lair:1   | Identified the +5 spear of Qilue {drain, MR+ Dex+2} (You found it on level 1 of the Lair of Beasts)
 17804 | Lair:1   | Reached XP level 14. HP: 108/108 MP: 18/18
 17916 | Lair:2   | Found a frozen archway.
 18042 | IceCv    | Entered an ice cave
 18217 | IceCv    | Noticed a frost giant
 18228 | IceCv    | Killed a frost giant
 18228 | IceCv    | Reached skill level 10 in Short Blades
 19446 | Lair:2   | Gained mutation: Your flesh is heat resistant. (rF+) [potion of beneficial mutation]
 19457 | Lair:2   | Found a staircase to the Swamp.
 20757 | Lair:3   | Got a heavily runed plate armour
 20769 | Lair:3   | Identified the +8 plate armour of Grace {Regen+} (You found it on level 3 of the Lair of Beasts)
 20919 | Lair:3   | Found a runed door.
 21225 | Lair:4   | Reached skill level 17 in Shields
 21474 | Lair:4   | Found a hole to the Spider Nest.
 21730 | Lair:4   | Lost mutation: You evolve. [end of evolution]
 22871 | Lair:6   | Entered Level 6 of the Lair of Beasts
 23023 | Lair:6   | Reached XP level 15. HP: 116/116 MP: 20/20
 23526 | Lair:6   | Found a viscous altar of Jiyva.
 23526 | Lair:6   | Found a staircase to the Slime Pits.
 24570 | Spider:1 | Entered Level 1 of the Spider Nest
 25555 | Spider:2 | Reached skill level 18 in Shields
 25702 | Spider:2 | Reached skill level 10 in Invocations
 26438 | Spider:2 | Reached XP level 16. HP: 69/126 MP: 10/22
 26982 | Spider:4 | Entered Level 4 of the Spider Nest
 27577 | Spider:4 | Reached skill level 19 in Shields
 28857 | Spider:4 | Got a gossamer rune of Zot
 28941 | Spider:4 | Reached XP level 17. HP: 135/135 MP: 24/24
 29580 | D:9      | Lost mutation: Your system is resistant to poisons. (rPois) [mutagenic meat]
 29582 | D:9      | Gained mutation: You have sharp fingernails. [mutagenic meat]
 29697 | Orc:1    | Entered Level 1 of the Orcish Mines
 29771 | Orc:1    | Noticed Erica
 29779 | Orc:1    | Killed Erica
 29999 | Orc:1    | Found a roughly hewn altar of Beogh.
 30640 | Orc:2    | Entered Level 2 of the Orcish Mines
 30656 | Orc:2    | Found a staircase to the Elven Halls.
 30918 | Orc:2    | Reached skill level 5 in Throwing
 30918 | Orc:2    | Reached skill level 5 in Dodging
 31283 | Orc:2    | Found Idwynet's Armour Emporium.
 31291 | Orc:2    | Found Kiumih's Book Shop.
 31297 | Orc:2    | Found Barearr's Gadget Shop.
 31305 | Orc:2    | Found Doust's Assorted Antiques.
 31339 | Orc:2    | Bought the +9 armour of the Dragon King {rPois rF+ rC+ MR+} for 1497 gold pieces
 31819 | Elf:1    | Entered Level 1 of the Elven Halls
 32126 | Elf:1    | Found Epsuaruu's Book Shop.
 32172 | Elf:1    | Reached skill level 20 in Shields
 32396 | Elf:1    | Gained mutation: You tend to lose your temper in combat. [a neqoxec]
 32398 | Elf:1    | Lost mutation: You are very agile. (Dex +4) [a neqoxec]
 33893 | Elf:2    | Found a runed gate.
 33893 | Elf:2    | Found a runed gate.
 33894 | Elf:2    | Found a runed gate.
 33926 | Elf:2    | Noticed Jorgrun
 33937 | Elf:2    | Killed Jorgrun
 33940 | Elf:2    | Reached XP level 18. HP: 114/144 MP: 11/26
 34810 | Elf:2    | Found Penopuy's Jewellery Boutique.
 34874 | Elf:2    | Cast into level 4 of the Abyss (glaive of distortion)
 34901 | Abyss:4  | Found a corrupted altar of Lugonu.
 35016 | Abyss:4  | Reached skill level 15 in Fighting
 35016 | Abyss:4  | Gained mutation: Your body often deteriorates upon taking damage. [a neqoxec]
 35113 | Abyss:4  | Lost mutation: You are frail. (-10% HP) [mutagenic meat]
 35115 | Abyss:4  | Lost mutation: You tend to lose your temper in combat. [mutagenic meat]
 35116 | Abyss:4  | Lost mutation: You have a pair of large horns on your head. [mutagenic meat]
 35118 | Abyss:4  | Lost mutation: Your flesh is heat resistant. (rF+) [mutagenic meat]
 35191 | Elf:2    | Escaped the Abyss
 35380 | Elf:2    | Bought the ring "Lijuen" {Ice rPois} for 651 gold pieces
 35380 | Elf:2    | Bought an uncursed amulet of regeneration for 540 gold pieces
 35554 | Elf:3    | Entered Level 3 of the Elven Halls
 35804 | Elf:3    | Noticed a Hell Sentinel
 35814 | Elf:3    | HP: 7/163 [trident of protection (3)]
 35814 | Elf:3    | HP: 2/163 [reaper/scythe of flaming[a deep elf demonologist] (5)]
 35821 | Elf:3    | HP: 4/163 [deep elf archer/arrow (12)]
 35880 | Elf:2    | Slain by a deep elf knight

Skill      XL: |  1  2  3  4  5  6  7  8  9 10 11 12 13 14 15 16 17 18 |
---------------+-------------------------------------------------------+-----
Shields        | 4 5 6 8 10 11 13 15 16 17 18 19 20 | 20.9
Long Blades    | 3 4 5 6 7 10 11 12 13 | 13.6
Armour         | 4 5 6 7 8 9 10 11 12 13 | 13.2
Fighting       | 4 5 6 7 8 9 10 11 12 13 14 15 | 15.3
Dodging        | 1 2 3 4 6 8 |  8.2
Throwing       | 1 2 3 4 6 |  6.3
Spellcasting   | 1 |  1.2
Air Magic      | 1 |  1.0
Invocations    | 2 4 7 8 10 11 12 | 12.5
Short Blades   | 6 9 11 12 13 14 | 14.5
Stealth        | 1 |  1.9
Charms         | |  0.4
Evocations     | |  0.3

Action                   |  1- 3 |  4- 6 |  7- 9 | 10-12 | 13-15 | 16-18 || total
-------------------------+-------+-------+-------+-------+-------+-------++-------
Melee: Long sword        |    90 |   202 |   406 |   592 |       |       ||  1290
       Headbutt          |     6 |    38 |   101 |   229 |   390 |   357 ||  1121
       Kick              |       |       |     9 |    90 |       |       ||    99
       Rapier            |       |       |       |   279 |  1351 |  1275 ||  2905
Throw: Tomahawk          |       |       |    12 |    42 |    42 |   122 ||   218
Invok: Elemental Force   |       |       |       |     3 |     1 |    10 ||    14
       Disaster Area     |       |       |       |       |       |     5 ||     5
       Upheaval          |       |       |       |       |       |     2 ||     2
Evoke: Lamp of fire      |       |       |       |       |       |     1 ||     1
       Box of beasts     |       |       |       |       |       |     1 ||     1
  Use: Scroll            |       |    11 |     4 |     2 |    16 |     8 ||    41
       Potion            |       |     1 |     1 |     4 |     5 |    20 ||    31
 Stab: Distracted        |       |       |       |       |       |     1 ||     1
  Eat: Chunk             |     1 |     8 |    18 |    27 |    37 |    16 ||   107
       Royal jelly       |       |       |       |     1 |       |       ||     1
       Pizza             |       |       |       |     2 |     2 |     1 ||     5
       Beef jerky        |       |       |       |       |     2 |       ||     2
       Fruit             |       |       |       |       |    12 |     3 ||    15
       Bread ration      |       |       |       |       |       |     5 ||     5
Armor: Scale mail        |     9 |    10 |     8 |       |       |       ||    27
       Chain mail        |    23 |    37 |       |       |       |       ||    60
       Plate armour      |       |    58 |   136 |   211 |   510 |   415 ||  1330
       Gold dragon scale |       |       |       |       |       |   152 ||   152
Dodge: Dodged            |    18 |    33 |    72 |   127 |   254 |   203 ||   707
       Deflected         |       |       |       |     4 |     9 |    18 ||    31
Block: Shield            |    36 |   109 |   215 |   723 |  1234 |  1372 ||  3689
       Rpst.: Long sword |     4 |    13 |    23 |    17 |       |       ||    57
